 Dungeon Crawl Stone Soup version 0.21.0-24-g2553a33 (webtiles) character file.

62 tsouns the Skirmisher (level 4, 0/49 HPs)
             Began as an Ogre Gladiator on Jan 19, 2018.
             Succumbed to an adder's poison
             ... on level 2 of the Dungeon.
             The game lasted 00:04:23 (2230 turns).

tsouns the Skirmisher (Ogre Gladiator)              Turns: 2230, Time: 00:04:24

Health: 0/49       AC:  3    Str: 19    XL:     4   Next: 8%
Magic:  4/4        EV: 10    Int:  9    God:
Gold:   82         SH:  0    Dex: 10    Spells: 3/3 levels left

rFire    . . .     SeeInvis .   a - +0 flail
rCold    . . .     Gourm    .   (no shield)
rNeg     . . .     Faith    .   b - +0 robe
rPois    .         Spirit   .   c - +0 hat
rElec    .         Reflect  .   (no cloak)
rCorr    .         Harm     .   (gloves unavailable)
MR       .....                  (boots unavailable)
Stlth    +.........             (no amulet)
HPRegen  0.16/turn              (no ring)
MPRegen  0.09/turn              (no ring)

@: lethally poisoned (0 -> -8)
A: large, unfitting armour, tough skin 1
a: no special abilities


You were on level 2 of the Dungeon.
You were not hungry.

You visited 1 branch of the dungeon, and saw 3 of its levels.

You collected 82 gold pieces.

Inventory:

Hand Weapons
 a - a +0 flail (weapon)
 g - a +0 vampiric whip
Missiles
 h - 109 stones (quivered)
Armour
 b - a +0 robe (worn)
 c - a +0 hat (worn)
Wands
 m - a wand of paralysis (4)
Scrolls
 e - a scroll of identify
 k - 2 scrolls of teleportation
 l - a scroll of fear
Comestibles
 f - 4 rations
 n - 4 chunks of flesh


   Skills:
 + Level 4.4 Fighting
 + Level 3.6 Maces & Flails
 - Level 2.0 Throwing
 - Level 2.6 Dodging


You had 3 spell levels left.
You didn't know any spells.

Dungeon Overview and Level Annotations

Branches:
Dungeon (3/15)

Altars:
Dithmenos
Ru

Annotations:
D:2 1 runed door


Innate Abilities, Weirdness & Mutations

You are too large for most types of armour.
You have tough skin. (AC +1)


Message History

You feel sick.
Items here: % ( )) 3 throwing nets; a whip; a flail; 2 chunks of flesh Sorry, you're not good enough to have a special ability.
Unknown command.
* * * LOW HITPOINT WARNING * * *
You feel sick.
There is a stone staircase leading down, spattered with blood here.
Sorry, you're not good enough to have a special ability.
Unknown command.
There is a lethal amount of poison in your body!
There is a lethal amount of poison in your body!
There is a lethal amount of poison in your body!
* * * LOW HITPOINT WARNING * * *
You feel sick.
* * * LOW HITPOINT WARNING * * *
You feel sick.
* * * LOW HITPOINT WARNING * * *
You feel sick.
You die...

#...# ###.# #.#
#...### #.# #.#
+.....## ##.###.#
#.....(###......#
.........#..#####
.........#..########
.........#.........#
.###.....#.#######.#
.+.............(@#.#
.###.....#.#######.#
.# #...........###.#
.# #...#.#.#.......#
.###+###)).#...##..##
.'..................##
.#........<.###'###..#
.#..........# #.# #..#
.#.......#..###.###..#


There were no monsters in sight!

Vanquished Creatures
  An adder (D:2)
  2 leopard geckos
  4 orcs
  5 bats
  2 giant cockroaches (D:1)
  4 goblins
  A hobgoblin (D:1)
  4 jackals
  A quokka (D:3)
  2 ball pythons (D:1)
  4 frilled lizards
  8 kobolds
  10 rats
  A fungus (D:2)
49 creatures vanquished.

Notes
Turn   | Place    | Note
-------+----------+-------------------------------------------
     0 | D:1      | tsouns the Ogre Gladiator began the quest for the Orb.
     0 | D:1      | Reached XP level 1. HP: 22/22 MP: 1/1
     0 | D:1      | Noticed a vine stalker
     1 | D:1      | Noticed a gargoyle
     3 | D:1      | Noticed a felid
     7 | D:1      | Noticed a naga
     8 | D:1      | Noticed a gargoyle
    10 | D:1      | Noticed a centaur
    12 | D:1      | Noticed a formicid
    12 | D:1      | Noticed an ogre
    14 | D:1      | Noticed a formicid
    18 | D:1      | Noticed a ghoul
    18 | D:1      | Noticed a spriggan
    20 | D:1      | Noticed a dwarf
   263 | D:1      | Reached skill level 3 in Fighting
   286 | D:1      | Reached XP level 2. HP: 30/31 MP: 2/2
   815 | D:1      | Reached XP level 3. HP: 34/39 MP: 3/3
  1045 | D:2      | Reached skill level 4 in Fighting
  1072 | D:2      | Found a shadowy altar of Dithmenos.
  1328 | D:2      | Found a sacrificial altar of Ru.
  1587 | D:2      | Found a runed door.
  1637 | D:3      | Found a faded altar of an unknown god.
  2205 | D:2      | HP: 1/39 [poisoned by an adder]
  2223 | D:2      | Reached XP level 4. HP: 8/49 MP: 4/4
  2227 | D:2      | HP: 2/49 [poisoned by an adder]
  2230 | D:2      | Succumbed to an adder's poison

Skill      XL: |  1  2  3 |
---------------+----------+-----
Fighting       | 3 4 |  4.4
Maces & Flails | 3 |  3.6
Throwing       | |  2.0
Dodging        | |  2.6

Action                   |  1- 3 |  4- 6 || total
-------------------------+-------+-------++-------
Melee: Flail             |   132 |       ||   132
       Whip              |    20 |       ||    20
Throw: Throwing net      |     3 |       ||     3
  Use: Scroll            |     4 |       ||     4
       Potion            |     3 |       ||     3
 Stab: Sleeping          |     2 |       ||     2
  Eat: Ration            |     2 |       ||     2
       Chunk             |     2 |       ||     2
Armor: Robe              |    42 |       ||    42
Dodge: Dodged            |    82 |       ||    82
